 Dungeon Crawl Stone Soup version 0.32-a0-814-g0968bab981 (webtiles) character file.

Game seed: 2471751461051157258

701 Roake the Sneak (level 7, -1/54 HPs)
             Began as a Human Brigand on Mar 23, 2024.
             Was an Initiate of Wu Jian.
             Slain by Duvessa
             ... wielding a +0 rapier
              (12 damage)
             ... on level 6 of the Dungeon.
             The game lasted 00:35:18 (4562 turns).

Roake the Sneak (Human Brigand)                     Turns: 4562, Time: 00:35:19

Health: -1/54      AC:  9    Str:  9 (12) XL:     7   Next: 66%
Magic:  7/7        EV: 10    Int:  8 (11) God:    Wu Jian [......]
Gold:   299        SH:  0    Dex: 19 (22) Spells: 6/6 levels left

rFire   + + .        w - +2 dagger (pain)
rCold   . . .        (no shield)
rNeg    . . .        s - +0 ring mail of the Worm {rF++}
rPois   .            f - +2 helmet
rElec   .            c - +0 cloak
rCorr   .            (no gloves)
SInv    +            (no boots)
Will    .....        (no amulet)
Stlth   +            v - +6 ring of dexterity
HPRegen 0.29/turn    y - ring of see invisible
MPRegen 0.10/turn

%: no passive effects
@: lit by a corona, glowing
A: explore regen
a: Renounce Religion


You were on level 6 of the Dungeon.
You worshipped Wu Jian.
Wu Jian was noncommittal.
You visited 1 branch of the dungeon, and saw 6 of its levels.

You collected 299 gold pieces.

Inventory:

Hand Weapons
 w - a +2 dagger of pain (weapon)
Missiles
 d - 13 poisoned darts (quivered)
 e - a curare-tipped dart
 n - 33 stones
Armour
 c - a +0 cloak (worn)
 f - a +2 helmet (worn)
 s - the +0 ring mail of the Worm (worn) {rF++}
   (You found it on level 3 of the Dungeon)

   rF++:      It greatly protects you from fire.
Jewellery
 v - a +6 ring of dexterity (left hand)
 y - a ring of see invisible (right hand)
Wands
 u - a wand of warping (9)
Scrolls
 h - 2 scrolls of immolation {unknown}
 i - 4 scrolls of identify {unknown}
 l - a scroll of revelation {unknown}
 q - 4 scrolls of teleportation {unknown}
 r - 2 scrolls of vulnerability {unknown}
 x - a scroll of silence {unknown}
 B - 2 scrolls of enchant armour {unknown}
 C - a scroll of brand weapon {unknown}
Potions
 a - a potion of degeneration
 b - a potion of mutation {unknown}
 g - 4 potions of lignification {unknown}
 j - a potion of heal wounds {unknown}
 k - 5 potions of attraction
 m - a potion of ambrosia {unknown}
 o - a potion of curing {unknown}
 p - 2 potions of might {unknown}
 z - a potion of resistance
 A - a potion of berserk rage {unknown}


   Skills:
 + Level 4.0 Fighting
 + Level 4.0 Short Blades
 + Level 4.0 Throwing
 + Level 3.7 Dodging
 + Level 5.6 Stealth


You had 6 spell levels left.
You didn't know any spells.
Your spell library contained the following spells:

 Spells                   Type           Power      Damage    Failure   Level
 Ensorcelled Hibernation  Hex/Ice        0%         N/A       88%         2
 Passwall                 Erth           0%         N/A       98%         3
 Swiftness                Air            0%         N/A       98%         3


Dungeon Overview and Level Annotations

Branches:
Dungeon (6/15)
 Temple: D:4-7

Altars:
Ashenzari
Elyvilon
Fedhas
Nemelex Xobeh
Uskayaw
Wu Jian
Yredelemnul

Shops:
D:1 :   D:3 (

Annotations:
D:5 Eustachio
D:6 Duvessa


Innate Abilities, Weirdness & Mutations

You regain HP and MP as you explore.


Message History

Dowan looks as sick as possible!
Dowan is heavily wounded.
Dowan points at something and mumbles some strange words.
Duvessa, Sister of Dowan comes into view.
She is wielding a +0 rapier.
You lunge at Dowan.
Duvessa shouts!
You puncture Dowan!
You kill Dowan!
The Council accepts your kill.
Duvessa weeps, and shakes her weapon.
Duvessa goes berserk!
Your Throwing skill increases to level 4!
Throw: 14 darts (poison)
Press: ? - help, Q - select action, (/) - cycle Shift-Dir - straight line, f - Duvessa
Aim: Duvessa, wielding a +0 rapier and wearing a +0 leather armour (berserk, fast, 69% to hit)
You throw a poisoned dart.
The poisoned dart closely misses Duvessa.
Things that are here:
a +0 dagger; a +0 robe; the elf corpse of Dowan Duvessa closely misses you.
A sleepcap comes into view.
Duvessa hits you with a +0 rapier!
You see here 3 poisoned darts.
You see here a curare-tipped dart.
You can't go up here!
e - a curare-tipped dart Duvessa hits you with a +0 rapier!
Duvessa hits you with a +0 rapier.
It was a potion of degeneration.
There was something very wrong with that liquid.
You feel weakened.
You feel dopey.
You feel clumsy. Duvessa hits you with a +0 rapier.
You closely miss Duvessa. Duvessa hits you with a +0 rapier.
You completely miss Duvessa. Duvessa hits you with a +0 rapier.
Duvessa hits you but does no damage.
You barely miss Duvessa. Duvessa hits you with a +0 rapier!
* * * LOW HITPOINT WARNING * * *
The sleepcap releases spores at you but does no damage.
Unknown command.
Duvessa attacks as she pursues you! Duvessa hits you with a +0 rapier!
You die...

..........#
.................)....##
.........................
..........................
..................#.#.#.#.#
#......(....................
#....................⌠.....⌠
#...........(..........._...
#........fe@.........⌠.....⌠
#...........................
#........(.........#.#.#.#.#
#>......)...................
#.....$...................##
#.........................#
#.........................#
#.........................#
#...................^.....#


You could see Duvessa (berserk, fast) and a sleepcap.

Vanquished Creatures
  A black bear (D:5)
  A phantom (D:6)
  2 scorpions
  Dowan (D:6)
  2 bombardier beetles
  A hound (D:6)
  Jessica (D:3)
  2 iguanas
  3 gnolls (D:6)
  6 adders
  2 shadow imps (D:5)
  A white imp (D:5)
  2 ufetubi (D:6)
  6 dart slugs
  2 ribbon worms
  6 endoplasms
  A giant cockroach (D:3)
  4 goblins
  7 hobgoblins
  7 jackals
  5 kobolds
  3 quokkas
  7 ball pythons
  5 bats
  5 frilled lizards
  6 rats
89 creatures vanquished.

Vanquished Creatures (others)
  A goblin (D:2)
1 creature vanquished.

Grand Total: 90 creatures vanquished

Notes
Turn   | Place    | Note
-------+----------+-------------------------------------------
     0 | D:1      | Roake the Human Brigand began the quest for the Orb.
     0 | D:1      | Reached XP level 1. HP: 16/16 MP: 1/1
    74 | D:1      | Reached XP level 2. HP: 6/22 MP: 2/2
   327 | D:1      | Found Heotuwnuf's Book Shoppe.
   520 | D:1      | Reached XP level 3. HP: 27/27 MP: 3/3
  1237 | D:2      | Found a faded altar of an unknown god.
  1439 | D:3      | Found Qarchetz's Weapon Emporium.
  1448 | D:3      | Reached XP level 4. HP: 34/34 MP: 4/4
  1457 | D:3      | Noticed Jessica
  1466 | D:3      | Killed Jessica
  1520 | D:3      | Reached XP level 5. HP: 38/40 MP: 5/5
  1551 | D:3      | Found a hide-covered altar of Uskayaw.
  1778 | D:3      | Identified the +0 ring mail of the Worm {rF++}
  2656 | D:4      | Found a blossoming altar of Fedhas.
  3154 | D:4      | Reached XP level 6. HP: 6/47 MP: 6/6
  3351 | D:5      | Entered Level 5 of the Dungeon
  3369 | D:5      | Noticed a black bear
  3376 | D:5      | Killed a black bear
  3377 | D:5      | Reached skill level 5 in Stealth
  3380 | D:5      | Found a sparkling altar of Nemelex Xobeh.
  3526 | D:5      | Found a broken altar of Ashenzari.
  3542 | D:5      | Found an ornate altar of the Wu Jian Council.
  3556 | D:5      | Became a worshipper of the Wu Jian Council
  3844 | D:5      | Noticed Eustachio
  3922 | D:5      | Reached XP level 7. HP: 36/52 MP: 7/7
  4370 | D:6      | Found a basalt altar of Yredelemnul.
  4420 | D:6      | Found a white marble altar of Elyvilon.
  4543 | D:6      | Noticed Dowan
  4551 | D:6      | Noticed Duvessa
  4552 | D:6      | Killed Dowan
  4562 | D:6      | Slain by Duvessa

Illustrated notes

Levels and vault maps discovered:
D:1:      eino_arrival_water_cross, layout_rooms, serial_shops,
          nicolae_shop_hallway_stairs
D:2:      layout_basic, shapermc_ecumenical_altar_mp_highgroup,
          serial_park_tiny_1, minmay_hedge_maze
D:3:      layout_loops_ring, mainiacjoe_overflow_alcove_2, serial_shops,
          nicolae_shop_waterfront, minivault_5, uniq_jessica
D:4:      layout_layer_cave, lemuel_round_altar
D:5:      layout_basic, okawaru_gym_becter, mainiacjoe_overflow_boulevard,
          nicolae_overflow_squiral, uniq_eustachio
D:6:      layout_basic, elyvilon_altar_5, amcnicky_altar_gilded,
          serial_bayou_pond_a, bh_walls_and_bars, uniq_duvessa

Skill      XL: |  1  2  3  4  5  6  7 |
---------------+----------------------+-----
Dodging        | 2 3 |  3.7
Fighting       | 3 4 |  4.0
Throwing       | 3 4 |  4.0
Short Blades   | 3 4 |  4.0
Stealth        | 5 |  5.6

Action                     |  1- 3 |  4- 6 |  7- 9 || total
---------------------------+-------+-------+-------++-------
  Melee: Dagger            |   166 |   147 |    74 ||   387
  Throw: Dart              |     1 |    15 |    14 ||    30
Ability: Lunge             |       |     1 |     5 ||     6
    Use: Potion            |       |     2 |     1 ||     3
   Stab: Sleeping          |     6 |     8 |       ||    14
         Distracted        |     1 |       |       ||     1
 Armour: Robe              |    74 |     3 |       ||    77
         Ring mail         |       |    63 |    59 ||   122
  Dodge: Dodged            |    73 |    64 |    42 ||   179

Table legend: (Time is in decaauts)
 A = Elapsed time spent in this place.
 B = Non-inter-level travel time spent in this place.
 C = Inter-level travel time spent in this place.
 D = Time resting spent in this place.
 E = Time spent auto-exploring this place.
 F = Levels seen in this place.
 G = Mean time per level.
                   A        B        C        D        E       F      G
               +--------+--------+--------+--------+--------+-----+--------+
         Total |   4501 |   4501 |      0 |    430 |    359 |   6 |  750.2 |
       Dungeon |   4501 |   4501 |      0 |    430 |    359 |   6 |  750.2 |
               +--------+--------+--------+--------+--------+-----+--------+

Top non-repeatable levels by time:
     D:4: 1003 daAuts
     D:3: 895 daAuts
     D:2: 769 daAuts
     D:5: 767 daAuts
     D:1: 644 daAuts
     D:6: 420 daAuts
